 Dungeon Crawl Stone Soup version 0.30-a0-778-g2ef04afb54 (webtiles) character file.

Game seed: 2263114847849929198

70 Smoke131 the Chucker (level 4, -1/45 HPs)
             Began as an Ogre Gladiator on Feb 15, 2023.
             Slain by a rat (2 damage)
             ... on level 3 of the Dungeon.
             The game lasted 00:05:21 (2035 turns).

Smoke131 the Chucker (Ogre Gladiator)               Turns: 2035, Time: 00:05:22

Health: -1/45      AC:  4    Str: 18    XL:     4   Next: 21%
Magic:  4/4        EV: 10    Int:  9    God:
Gold:   73         SH:  0    Dex: 12    Spells: 3/3 levels left

rFire   . . .      SeeInvis .    r - +2 trident (heavy)
rCold   . . .      Faith    .    (no shield)
rNeg    . . .      Spirit   .    b - +0 robe
rPois   +          Reflect  .    c - +1 hat
rElec   .          Harm     .    (no cloak)
rCorr   .          Rampage  .    (gloves unavailable)
Will    .....                    (boots unavailable)
Stlth   +                        (no amulet)
HPRegen 0.27/turn                m - ring of poison resistance
MPRegen 0.09/turn                (no ring)

@: hasted, very quick
A: large, unfitting armour, tough skin 1
a: no special abilities


You were on level 3 of the Dungeon.
You visited 1 branch of the dungeon, and saw 5 of its levels.

You collected 73 gold pieces.

Inventory:

Hand Weapons
 a - a +0 war axe
 r - a +2 heavy trident (weapon)
Missiles
 d - 3 throwing nets (quivered)
 e - a large rock
 i - 45 stones
Armour
 b - a +0 robe (worn)
 c - a +1 hat (worn)
Jewellery
 m - a ring of poison resistance (left hand)
 n - a +6 ring of intelligence
Scrolls
 g - 2 scrolls of vulnerability
Potions
 f - a potion of berserk rage {unknown}
 h - 2 potions of curing {unknown}
 j - 3 potions of might
 l - 2 potions of degeneration {unknown}
 t - a potion of attraction {unknown}


   Skills:
 - Level 3.0 Fighting
 - Level 3.0 Axes
 + Level 4.0 Throwing
 - Level 3.0 Dodging


You had 3 spell levels left.
You didn't know any spells.
Your spell library contained the following spells:

 Spells                   Type           Power      Damage    Failure   Level
 Summon Small Mammal      Summ           0%         N/A       38%         1
 Call Canine Familiar     Summ           0%         N/A       77%         3
 Summon Guardian Golem    Hex/Summ       0%         N/A       77%         3


Dungeon Overview and Level Annotations

Branches:
Dungeon (5/15)
 Temple: D:4-7

Altars:

Portals:
Sewer: D:3


Innate Abilities, Weirdness & Mutations

You are too large for most types of armour.
You have tough skin. (AC +1)


Message History

You feel yourself speed up. The iguana closely misses you.
A hobgoblin comes into view.
The hobgoblin shouts!
An orc comes into view. It is wielding a +0 dagger.
Found a stone staircase leading up.
A hobgoblin comes into view.
The orc shouts!
The hobgoblin shouts!
An iguana comes into view.
The iguana hisses angrily.
There is a stone staircase leading up here.
You climb upwards.
You hear the sound of rushing water.
There is an entrance to a sewer on this level.
Hurry and find it before the portal rusts away!
You hear the rusting of a drain.
The ball python hisses angrily.
A giant cockroach comes into view.
Found five items.
Found a glowing drain.
There is a stone staircase leading down here.
A ball python comes into view.
The ball python hisses angrily.
You barely miss the rat. The rat bites you but does no damage.
The ball python barely misses you.
You closely miss the ball python. Your punch misses the ball python.
The rat bites you but does no damage.
The ball python bites you but does no damage.
The ball python closely misses you.
You closely miss the ball python. The ball python bites you.
* * * LOW HITPOINT WARNING * * *
The ball python bites you.
* * * LOW HITPOINT WARNING * * *
The rat bites you.
* * * LOW HITPOINT WARNING * * *
The rat bites you.
* * * LOW HITPOINT WARNING * * *
The ball python bites you.
* * * LOW HITPOINT WARNING * * *
The ball python bites you but does no damage.
The rat bites you.
You die...

#.. .. .#
#..#####.# ..
###$?....#.### ..
.........#...##...
.......!.#.......
...~~~...#....#
..~~~~~..#...###
..~~∩~~r.>.....+
..~~~~BSr@.##.##
...~~~.S...#
....!..!.......#
...........##..#
....#........ ...
.##.##.###.### ..
# .$ .. . #.# ###
##


You could see a giant cockroach, 2 ball pythons and 2 rats.

Vanquished Creatures
  3 adders
  A worm (D:2)
  2 ball pythons
  3 bats
  3 endoplasms (D:2)
  5 goblins
  7 hobgoblins
  2 frilled lizards (D:1)
  9 kobolds
  3 rats
38 creatures vanquished.

Notes
Turn   | Place    | Note
-------+----------+-------------------------------------------
     0 | D:1      | Smoke131 the Ogre Gladiator began the quest for the Orb.
     0 | D:1      | Reached XP level 1. HP: 22/22 MP: 1/1
   342 | D:1      | Found a faded altar of an unknown god.
   405 | D:1      | Reached XP level 2. HP: 30/31 MP: 2/2
   890 | D:2      | Reached XP level 3. HP: 31/37 MP: 3/3
   906 | D:2      | Reached skill level 3 in Throwing
  1473 | D:2      | Reached XP level 4. HP: 42/45 MP: 4/4
  1762 | D:3      | You fall into a shaft and drop 2 floors!
  1762 | D:5      | Entered Level 5 of the Dungeon
  1770 | D:5      | Noticed a black bear
  1827 | D:4      | Noticed an ogre
  1899 | D:4      | Reached skill level 4 in Throwing
  2028 | D:3      | Found a glowing drain.
  2033 | D:3      | HP: 1/45 [ball python (2)]
  2035 | D:3      | Slain by a rat

Illustrated notes

Levels and vault maps discovered:
D:1:      saegor_arrival_simple_d, layout_basic, ebering_ecumenical_altar_mist
D:2:      layout_basic, st_stairs_8
D:3:      layout_basic, nicolae_uskayaw_suspiria, portal_sewer_entry_a
D:4:      layout_basic, serial_shops, nicolae_diamond_shop, feat_on_display,
          uniq_menkaure, uniq_crazy_yiuf_cottage, uniq_sigmund
D:5:      layout_loops_cross, serial_shops, nicolae_shop_overgrown_old_shop,
          goddamned_bats

Skill      XL: |  1  2  3  4 |
---------------+-------------+-----
Fighting       | 3 |  3.0
Dodging        | 3 |  3.0
Throwing       | 3 4 |  4.0
Axes           | |  3.0

Action                     |  1- 3 |  4- 6 || total
---------------------------+-------+-------++-------
  Melee: War axe           |    71 |       ||    71
         Trident           |    26 |    18 ||    44
         Punch             |       |     1 ||     1
    Use: Scroll            |       |     5 ||     5
         Potion            |       |     2 ||     2
 Armour: Robe              |    35 |    19 ||    54
  Dodge: Dodged            |    45 |    29 ||    74

Table legend: (Time is in decaauts)
 A = Elapsed time spent in this place.
 B = Non-inter-level travel time spent in this place.
 C = Inter-level travel time spent in this place.
 D = Time resting spent in this place.
 E = Time spent auto-exploring this place.
 F = Levels seen in this place.
 G = Mean time per level.
                   A        B        C        D        E       F      G
               +--------+--------+--------+--------+--------+-----+--------+
         Total |   2068 |   1942 |    126 |     75 |   1242 |   5 |  413.6 |
       Dungeon |   2068 |   1942 |    126 |     75 |   1242 |   5 |  413.6 |
               +--------+--------+--------+--------+--------+-----+--------+

Top non-repeatable levels by time:
     D:2: 939 daAuts
     D:1: 857 daAuts
     D:4: 186 daAuts
     D:5: 64 daAuts
     D:3: 20 daAuts
